Map: Turbo Cruise '84 LE

Players

Godfroy - Winner!

  • Race: Zerg Zerg
  • League: Diamond
  • Spawn Location: 7:00

PeLLy

  • Race: Zerg Zerg
  • League: Diamond
  • Spawn Location: 3:00

VOD

Have the link to the VOD?

Description

Time

  • Played on: Aug. 15, 2019, 4:36 p.m.
  • Length: 10:26
Show
View Real Time Build Order
Export as new Build Order

Godfroy Zerg - Winner!

Build Orders: Pool First 

Get SALT Encoding   

  12  0:02  Drone  
  13  0:13  Overlord  
  13  0:21  Drone  
  14  0:35  Spawning Pool  
  13  0:37  Drone  
  13  0:41  Drone  
  15  0:45  Drone  
  16  1:08  Hatchery  
  15  1:18  Extractor  
  14  1:22  Zergling x6  
  17  1:36  Drone  
  17  1:37  Queen  
  20  1:50  Drone  
  21  1:56  Drone  
  22  2:05  Overlord  
  22  2:20  Queen  
  24  2:23  Metabolic Boost  
  24  2:36  Drone x3  
  24  2:37  Drone  
  27  2:46  Zergling x8  
  31  2:55  Zergling x6  
  34  3:11  Drone  
  35  3:14  Overlord x2  
  35  3:23  Overlord  
  35  3:25  Drone  
  36  3:30  Extractor  
  31  3:44  Drone  
  31  3:45  Zergling x8  
  36  3:58  Drone x3  
  37  4:08  Drone x3  
  37  4:09  Drone  
  41  4:13  Roach Warren  
  41  4:15  Extractor  
  39  4:19  Extractor  
  37  4:26  Drone x4  
  40  4:34  Drone x4  
  44  4:40  Drone  
  41  4:59  Roach x4  
  51  5:00  Roach  
  51  5:04  Drone  
  51  5:05  Drone  
  53  5:20  Lair  
  53  5:25  Roach x2  
  53  5:26  Roach  
  59  5:30  Hatchery  
  58  5:39  Roach  
  58  5:40  Overlord x2  
  60  5:59  Ravager x5  
  60  6:01  Drone x5  
  60  6:02  Drone x2  
  72  6:20  Glial Reconstitution  
  72  6:22  Evolution Chamber x2  
  69  6:45  Roach x4  
  69  6:46  Overlord x2, Roach x2  
  69  6:47  Overlord x3  
  81  6:49  Drone  
  68  7:22  Drone x3  
  65  7:23  Drone  
  65  7:24  Roach x6  
  65  7:25  Roach  
  65  7:28  Roach  
  82  7:30  Zerg Ground Armor Level 1, Zerg Missile Weapons Level 1  
  82  7:40  Ravager x3  
  82  7:41  Ravager x3  
  90  7:44  Roach x4  
  90  7:45  Roach x2  
  100  7:58  Ravager x5  
  96  8:04  Roach x3  
  85  8:28  Roach x8  
  85  8:29  Queen, Roach  
  102  8:34  Extractor  
  102  8:35  Extractor  
  100  8:46  Roach x4  
  100  8:47  Roach  
  110  8:50  Burrow  
  110  9:09  Roach  
  122  9:10  Roach x5  
  122  9:14  Overlord  
  122  9:15  Overlord x4  
  122  9:37  Ravager x3  
  120  10:04  Ravager  
  120  10:05  Ravager  
Show
View Real Time Build Order
Export as new Build Order

PeLLy Zerg 

Build Orders: Hatch First 

Get SALT Encoding   

  12  0:00  Drone  
  13  0:15  Overlord  
  13  0:23  Drone  
  14  0:33  Drone x2  
  16  0:38  Drone  
  17  0:53  Hatchery  
  17  0:56  Drone  
  17  1:12  Spawning Pool  
  17  1:13  Drone  
  17  1:18  Drone  
  17  1:21  Drone  
  19  1:31  Drone  
  20  1:42  Overlord  
  20  1:54  Drone  
  21  2:09  Queen x2  
  21  2:11  Zergling x4  
  27  2:19  Extractor  
  27  2:21  Zergling x4  
  25  2:33  Zergling x4  
  26  2:44  Drone x2  
  26  3:02  Zergling x6  
  26  3:03  Zergling x2  
  29  3:22  Drone x4  
  29  3:23  Drone x3  
  34  3:45  Evolution Chamber  
  34  3:46  Evolution Chamber  
  32  3:52  Evolution Chamber  
  32  3:55  Drone x5  
  35  4:09  Extractor, Queen  
  36  4:14  Roach Warren  
  33  4:43  Overlord x4  
  30  4:58  Extractor  
  29  5:10  Queen  
  31  5:15  Drone x7  
  38  5:22  Drone x3  
  41  5:30  Drone  
  42  5:58  Overlord x2  
  42  6:00  Roach x4  
  50  6:24  Roach x6  
  60  6:28  Ravager  
  60  6:32  Spine Crawler  
  60  6:34  Spine Crawler  
  58  6:49  Roach x5  
  68  6:55  Overlord  
  66  7:03  Roach  
  68  7:11  Lair  
  68  7:13  Roach x4  
  73  7:22  Roach  
  75  7:38  Overlord x2  
  75  7:39  Overlord x3  
  75  7:53  Hatchery  
  75  7:56  Roach x3  
  75  7:57  Roach  
  58  8:13  Roach x8  
  64  8:31  Roach x4  
  68  8:47  Roach x4  
  76  8:57  Drone x2  
  76  9:00  Ravager  
  79  9:05  Extractor  
  79  9:07  Glial Reconstitution  
  78  9:24  Ravager x2  
  80  9:32  Roach  
  80  9:33  Roach x2  
  86  9:48  Roach  
  86  9:49  Roach x2  
  70  10:07  Roach x4  
Tags
 
Add a new tag
Caveats
  • Supply blocks, unpowered buildings, or Contaminate may cause inaccurate times.
  • Supply counts are checked every 10 seconds.